 Dungeon Crawl Stone Soup version 0.29.1-1-gd02db6906a (webtiles) character file.

Game seed: 13027648885192923865

44 Sabo the Gusty (level 3, -4/28 HPs)
             Began as a Naga Air Elementalist on Sept 23, 2022.
             Slain by Robin
             ... wielding a +3 spear of venom
              (7 damage)
             ... on level 2 of the Dungeon.
             The game lasted 00:10:10 (1852 turns).

Sabo the Gusty (Naga Air Elementalist)              Turns: 1852, Time: 00:10:10

Health: -4/28      AC:  2    Str: 10    XL:     3   Next: 60%
Magic:  5/15       EV: 10    Int: 17    God:
Gold:   58         SH:  0    Dex: 11    Spells: 5/6 levels left

rFire   . . .      SeeInvis +   e - +0 long sword
rCold   . . .      Faith    .   (no shield)
rNeg    . . .      Spirit   .   a - +0 robe
rPois   +          Reflect  .   (no helmet)
rElec   .          Harm     .   (no cloak)
rCorr   .          Rampage  .   (no gloves)
Will    .....                   (no barding)
Stlth   ++........              (no amulet)
HPRegen 0.09/turn               g - ring of magical power
MPRegen 0.14/turn               (no ring)

@: very slow
A: AC +1, large, see invisible, deformed body, poison resistance, slowness 2,
spit poison 1, naga tail 1
a: Spit Poison


You were on level 2 of the Dungeon.
You visited 1 branch of the dungeon, and saw 2 of its levels.

You collected 58 gold pieces.

Inventory:

Hand Weapons
 e - a +0 long sword (weapon)
 h - a +0 sling
Armour
 a - a +0 robe (worn)
Jewellery
 g - a ring of magical power (left hand)
Potions
 b - 2 potions of magic
 f - a potion of brilliance


   Skills:
 + Level 0.3 Long Blades
 + Level 1.7 Dodging
 + Level 3.1 Stealth
 + Level 2.3 Spellcasting
 + Level 1.5 Conjurations
 + Level 3.7 Air Magic


You had 5 spell levels left.
You knew the following spells:

 Your Spells              Type           Power      Damage    Failure   Level
a - Shock                 Conj/Air       44%        1d5       6%          1

Your spell library contained the following spells:

 Spells                   Type           Power      Damage    Failure   Level
 Static Discharge         Conj/Air       11%        3-5/arc   10%         2
 Swiftness                Air            14%        N/A       12%         3
 Airstrike                Air            7%         2d(1-17)  36%         4


Dungeon Overview and Level Annotations

Branches:
Dungeon (2/15)

Altars:

Annotations:
D:2 Robin


Innate Abilities, Weirdness & Mutations

Your serpentine skin is tough. (AC +1)
You have supernaturally acute eyesight. (SInv)
Armour fits poorly on your strangely shaped body.
Your system is resistant to poisons. (rPois)
You cover ground very slowly.
You can spit poison.
You have a snake-like lower body.


Message History

Aiming: Shock (safe; 6% risk of failure)
Press: ? - help, Shift-Dir - straight line, f/p - Robin
Aim: Robin, wielding a +3 spear of venom, wearing a +2 animal skin and wearing a +0 helmet (moderately wounded, 77% to hit)
The zap misses Robin.
Robin hits you from afar with a +3 spear of venom.
Robin hits you with a +3 spear of venom.
You see here a +0 dagger.
You barely miss Robin.
Robin is moderately wounded.
Robin hits you but does no damage.
You barely miss Robin.
Robin is moderately wounded.
You have got your breath back.
Robin hits you with a +3 spear of venom. x2
You closely miss Robin.
Robin is moderately wounded.
Robin closely misses you.
You hit Robin.
Robin is moderately wounded.
Robin hits you with a +3 spear of venom!
* * * LOW HITPOINT WARNING * * *
Robin closely misses you.
You closely miss Robin.
Robin is moderately wounded.
Robin barely misses you.
You hit Robin.
Robin is heavily wounded.
Robin barely misses you.
You barely miss Robin.
Robin is heavily wounded.
Robin closely misses you.
Robin hits you with a +3 spear of venom.
* * * LOW HITPOINT WARNING * * *
You hit Robin.
Robin is severely wounded.
Robin barely misses you.
You hit Robin.
Robin is almost dead.
Robin hits you with a +3 spear of venom!
You die...

...
#)#
.).
#.#
#.#
#.#
#g#
#@#
#<#
#.#
#..
####


You could see Robin.

Vanquished Creatures
  4 bats (D:1)
  2 endoplasms (D:1)
  9 goblins
  8 hobgoblins
  2 kobolds (D:1)
  7 ball pythons (D:1)
  3 frilled lizards
  4 rats (D:1)
39 creatures vanquished.

Notes
Turn   | Place    | Note
-------+----------+-------------------------------------------
     0 | D:1      | Sabo the Naga Air Elementalist began the quest for the Orb.
     0 | D:1      | Reached XP level 1. HP: 15/15 MP: 3/3
   244 | D:1      | Reached XP level 2. HP: 19/22 MP: 3/5
  1269 | D:1      | Reached XP level 3. HP: 28/28 MP: 6/6
  1833 | D:2      | Noticed Robin
  1852 | D:2      | Slain by Robin

Illustrated notes

Levels and vault maps discovered:
D:1:      spicycebolla_arrival_ecumenical, layout_rooms, serial_curves,
          eino_curves_02, eino_curves_01, eino_curves_02
D:2:      layout_basic, uniq_robin

Action                   || total
-------------------------++-------
Melee: Short sword       ||    10
       Long sword        ||    16
 Cast: Shock             ||    65
 Abil: Spit Poison       ||     2
  Use: Scroll            ||     2
Armor: Robe              ||    16
Dodge: Dodged            ||    23
